 Dungeon Crawl Stone Soup version 0.31-a0-202-g547052bce9 (webtiles) character file.

Game seed: 15542663140470673095

349 qw the Skirmisher (level 6, -2/35 HPs)
             Began as a Deep Elf Hunter on June 26, 2023.
             Slain by an orc priest
             ... wielding a +0 trident
              (6 damage)
             ... on level 4 of the Dungeon.
             The game lasted 00:00:57 (2547 turns).

qw the Skirmisher (Deep Elf Hunter)                 Turns: 2547, Time: 00:00:58

Health: -2/35      AC:  5    Str: 10    XL:     6   Next: 33%
Magic:  8/8        EV: 12    Int: 14    God:
Gold:   211        SH:  0    Dex: 24    Spells: 5/5 levels left

rFire   . . .        Y - +0 shortbow
rCold   . . .        (shield currently unavailable)
rNeg    . . .        j - +0 ring mail
rPois   .            (no helmet)
rElec   .            (no cloak)
rCorr   .            (no gloves)
SInv    .            (no boots)
Will    .....        (no amulet)
Stlth   ++           e - +6 ring of dexterity
HPRegen 0.25/turn    (no ring)
MPRegen 0.11/turn

%: no passive effects
@: about to teleport
A: no striking features
a: no special abilities


You were on level 4 of the Dungeon.
You visited 1 branch of the dungeon, and saw 4 of its levels.

You collected 211 gold pieces.


   Skills:
 - Level 2.0 Fighting
 + Level 9.6 Ranged Weapons
 - Level 0.6 Armour
 - Level 3.0 Dodging
 - Level 1.2 Stealth


You had 5 spell levels left.
You didn't know any spells.
Your spell library was empty.

Inventory:

Hand Weapons
 Y - a +0 shortbow (weapon)
Armour
 f - the +1 ring mail of Mezxaesm {rF+ rN+ rCorr SInv}
   (You found it on level 4 of the Dungeon)

   rF:        It protects you from fire.
   rN:        It protects you from negative energy.
   SInv:      It lets you see invisible.
   rCorr:     It protects you from acid and corrosion.
 j - a +0 ring mail (worn)
Jewellery
 b - a ring of see invisible
 e - a +6 ring of dexterity (left hand)
Wands
 a - a wand of digging (6)
Scrolls
 c - a scroll of identify
 g - a scroll of immolation {unknown}
Potions
 d - a potion of curing {unknown}
 h - a potion of berserk rage {unknown}
 i - a potion of mutation {unknown}

Dungeon Overview and Level Annotations

Branches:
Dungeon (4/15)
 Temple: D:4-7

Altars:
Uskayaw


Message History

You shoot an arrow. The arrow hits the orc wizard!
The orc wizard is heavily wounded.
The orc wizard hits you but does no damage.
The orc wizard hits you with a +0 dagger.
You shoot an arrow. The arrow hits the orc wizard.
The orc wizard is severely wounded.
You hear a shout!
An orc comes into view. It is wielding a +0 dagger.
The orc wizard barely misses you.
You hear a shout!
You shoot an arrow. The arrow hits the orc wizard!
You kill the orc wizard!
You start resting.
An orc is nearby!
You shoot an arrow. The arrow hits the orc.
The orc is heavily wounded.
You hear a shout!
You shoot an arrow. The arrow barely misses the orc.
An orc priest comes into view. It is wielding a +0 trident.
You shoot an arrow. The arrow closely misses the orc.
The orc priest looks encouraged for a moment.
You shoot an arrow. The arrow closely misses the orc.
The orc hits you with a +0 club.
The orc priest miscasts a cantrip.
You shoot an arrow. The arrow hits the orc!
You kill the orc!
An orc comes into view. It is wielding a +0 dagger.
You shoot an arrow. The arrow hits the orc!
You kill the orc!
The orc priest mumbles some strange prayers to Beogh against you.
Beogh smites you!
You shoot an arrow. The arrow hits the orc priest.
The orc priest is moderately wounded.
The orc priest invokes the aid of Beogh against you.
Beogh smites you!
2547 ||| READING scroll of teleportation.
As you read the scroll of teleportation, it crumbles to dust.
You feel strangely unstable.
The orc priest hits you from afar with a +0 trident.
You die...

###################
#..........#.......
#..........#.......
#>........##.....##
##@###....#########
....oo)).##....##.....##
#####....#............##
#....#..<...........
#....##.....#####...
#.....#....##(((##.#
#.....#....#(#(#(#.#
#.....#....#..#((#.. ###
##...#.#.#(#..


You could see an orc priest and an orc.

Vanquished Creatures
  Sigmund (D:2)
  2 hounds (D:4)
  An orc wizard (D:4)
  5 adders
  A worm (D:2)
  A dart slug (D:1)
  3 orcs
  8 bats
  7 endoplasms
  2 giant cockroaches
  6 goblins
  7 hobgoblins
  2 jackals (D:3)
  A quokka (D:2)
  7 ball pythons
  2 frilled lizards
  3 kobolds
  2 rats
61 creatures vanquished.

Notes
Turn   | Place    | Note
-------+----------+-------------------------------------------
     0 | D:1      | qw the Deep Elf Hunter began the quest for the Orb.
     0 | D:1      | Reached XP level 1. HP: 12/12 MP: 3/3
     0 | D:1      | 0 ||| qw: Version: 0.3-a-22-g0ed2b0b
     0 | D:1      | 0 ||| qw: Game counter: 6227
     0 | D:1      | 0 ||| qw: Melee chars always use a shield: true
     0 | D:1      | 0 ||| qw: God list: Okawaru
     0 | D:1      | 0 ||| qw: Allow faded altars: false
     0 | D:1      | 0 ||| qw: Do Orc after clearing Dungeon:15 true
     0 | D:1      | 0 ||| qw: Do second Lair branch before Depths: true
     0 | D:1      | 0 ||| qw: Lair rune preference: random
     0 | D:1      | 0 ||| qw: Goals: Normal
     0 | D:1      | 0 ||| PLANNING D:1-11
     6 | D:1      | Noticed a salamander
     7 | D:1      | Noticed a black bear
    80 | D:1      | Reached XP level 2. HP: 16/16 MP: 4/4
    84 | D:1      | Reached skill level 6 in Ranged Weapons
   211 | D:1      | Reached XP level 3. HP: 19/20 MP: 5/5
   214 | D:1      | 214 ||| FLEEEEING.
   387 | D:1      | 387 ||| UPGRADING to +0 scale mail.
   397 | D:1      | 397 ||| DROPPING +0 leather armour.
   398 | D:1      | 398 ||| UPGRADING to +6 ring of dexterity.
   399 | D:1      | 399 ||| READING scroll labelled KYDGHE VOOMEU.
   400 | D:1      | 400 ||| DROPPING scroll of butterflies.
   501 | D:2      | Reached skill level 7 in Ranged Weapons
   563 | D:2      | 563 ||| FLEEEEING.
   564 | D:2      | 564 ||| FLEEEEING.
   566 | D:2      | 566 ||| FLEEEEING.
   571 | D:2      | 571 ||| FLEEEEING.
   586 | D:2      | 586 ||| FLEEEEING.
   587 | D:2      | 587 ||| FLEEEEING.
   654 | D:2      | Reached XP level 4. HP: 24/25 MP: 6/6
   698 | D:2      | Noticed Sigmund
   701 | D:2      | 701 ||| READING scroll labelled GERUATH ZOIRY.
   825 | D:2      | Killed Sigmund
   826 | D:2      | Reached skill level 9 in Ranged Weapons
   826 | D:2      | Reached XP level 5. HP: 29/29 MP: 7/7
  1202 | D:2      | 1202 ||| READING scroll labelled GIKLO OCOVA.
  1203 | D:2      | 1203 ||| READING scroll labelled GAKALEIHUCH.
  1204 | D:2      | 1204 ||| DRINKING 3 pink potions.
  1243 | D:2      | 1243 ||| DRINKING 2 fuming blue potions.
  1244 | D:2      | 1244 ||| DROPPING 2 potions of lignification.
  1245 | D:2      | 1245 ||| DROPPING potion of invisibility.
  2046 | D:3      | 2046 ||| UPGRADING to +0 ring mail.
  2056 | D:3      | 2056 ||| DROPPING +0 scale mail.
  2057 | D:3      | 2057 ||| DROPPING ring of magical power.
  2058 | D:3      | 2058 ||| READING 2 scrolls of identify.
  2058 | D:3      | 2058 ||| IDENTIFYING grey potion
  2059 | D:3      | 2059 ||| DROPPING potion of degeneration.
  2386 | D:4      | Found a hide-covered altar of Uskayaw.
  2386 | D:4      | Noticed a +0 spear
  2387 | D:4      | Noticed a +0 short sword
  2387 | D:4      | Noticed a +0 dagger
  2388 | D:4      | Noticed a +0 falchion
  2388 | D:4      | Noticed a +0 dagger
  2388 | D:4      | Noticed a +0 spear
  2389 | D:4      | Noticed a +0 short sword
  2390 | D:4      | Noticed a +0 falchion
  2404 | D:4      | Reached skill level 3 in Dodging
  2404 | D:4      | Reached XP level 6. HP: 35/35 MP: 8/8
  2438 | D:4      | Identified the +1 ring mail of Mezxaesm {rF+ rN+ rCorr
                  | SInv}
  2546 | D:4      | HP: 4/35 [orc priest/divine providence (16)]
  2547 | D:4      | 2547 ||| READING scroll of teleportation.
  2547 | D:4      | Slain by an orc priest

Levels and vault maps discovered:
D:1:      onia_arrival_zoo_common, layout_rooms
D:2:      layout_loops_ring, minmay_misc_feat_enclosed, uniq_sigmund
D:3:      layout_basic, hangedman_decor_diamond_cutter
D:4:      layout_gridville, nicolae_uskayaw_en_pointe, serial_co_window_serial,
          co_window_paths_a, co_window_cross_1, co_window_corner_a,
          co_window_paths_b, co_window_paths_a, co_window_of_opportunity_b,
          co_window_cross_3, co_window_corner_b, co_window_of_opportunity_c,
          co_window_corner_b, glass_columns_b

Skill      XL: |  1  2  3  4  5 |
---------------+----------------+-----
Ranged Weapons | 6 7 9 |  9.6
Fighting       | 2 |  2.0
Dodging        | 3 |  3.0
Armour         | |  0.6
Stealth        | |  1.2

Action                     |  1- 3 |  4- 6 || total
---------------------------+-------+-------++-------
   Fire: Shortbow          |    98 |    78 ||   176
    Use: Scroll            |     1 |     5 ||     6
         Potion            |       |     2 ||     2
 Armour: Leather armour    |     5 |       ||     5
         Scale mail        |     8 |    10 ||    18
         Ring mail         |       |     2 ||     2
  Dodge: Dodged            |    18 |    16 ||    34

Table legend:
 A = Non-vault XP
 B = Vault XP
 C = Vault XP percentage of total XP
 D = Non-vault monster count
 E = Vault monster count
 F = Vault count percentage of total count
                 A         B        C        D         E       F
            +---------+---------+-------+---------+---------+-------
      Total |     285 |     214 |  42.9 |      60 |       1 |   1.6
            +---------+---------+-------+---------+---------+-------
        D:1 |      51 |       0 |   0.0 |      29 |       0 |   0.0
        D:2 |      82 |     214 |  72.3 |      17 |       1 |   5.6
        D:3 |      28 |       0 |   0.0 |       8 |       0 |   0.0
        D:4 |     124 |       0 |   0.0 |       6 |       0 |   0.0
            +---------+---------+-------+---------+---------+-------
